 Dungeon Crawl Stone Soup version 0.30-a0-341-g682706514a (webtiles) character file.

Game seed: 7915776042931111869

61 sanka the Caller (level 3, -1/26 HPs)
             Began as a Demigod Summoner on Nov 4, 2022.
             Slain by an adder (4 damage)
             ... on level 2 of the Dungeon.
             The game lasted 00:02:55 (1705 turns).

sanka the Caller (Demigod Summoner)                 Turns: 1705, Time: 00:02:56

Health: -1/26      AC:  2    Str:  9    XL:     3   Next: 58%
Magic:  8/8        EV: 12    Int: 21    God:
Gold:   88         SH:  0    Dex: 14    Spells: 3/6 levels left

rFire   . . .      SeeInvis .    k - +0 morningstar
rCold   . . .      Faith    .    (no shield)
rNeg    . . .      Spirit   .    a - +0 robe
rPois   .          Reflect  .    (no helmet)
rElec   .          Harm     .    (no cloak)
rCorr   .          Rampage  .    (no gloves)
Will    .....                    (no boots)
Stlth   ++........               l - amulet of magic regeneration
HPRegen 0.24/turn                (no ring)
MPRegen 0.51/turn                (no ring)

@: no status effects
A: high MP 1, forlorn, divine attributes
a: no special abilities


You were on level 2 of the Dungeon.
You visited 1 branch of the dungeon, and saw 2 of its levels.

You collected 88 gold pieces.


Innate Abilities, Weirdness & Mutations

You have an increased reservoir of magic. (+10% MP)
You shall have no god before yourself.
Your divine heritage dramatically boosts your attributes as you level up.


   Skills:
 - Level 1.7 Dodging
 - Level 1.7 Stealth
 - Level 2.0 Spellcasting
 + Level 4.9 Summonings


You had 3 spell levels left.
You knew the following spells:

 Your Spells              Type           Power      Damage    Failure   Level
x - Call Imp              Summ           22%        N/A       3%          2
z - Summon Small Mammal   Summ           88%        N/A       1%          1

Your spell library contained the following spells:

 Spells                   Type           Power      Damage    Failure   Level
 Call Canine Familiar     Summ           22%        N/A       6%          3
 Summon Guardian Golem    Hex/Summ       12%        N/A       16%         3
 Summon Lightning Spire   Summ/Air       12%        N/A       47%         4

Inventory:

Hand Weapons
 k - a +0 morningstar (weapon)
Armour
 a - a +0 robe (worn)
Jewellery
 l - an amulet of magic regeneration (around neck)
Scrolls
 c - a scroll of immolation {unknown}
 e - a scroll of blinking {unknown}
 h - 2 scrolls of fear {unknown}
 i - a scroll of enchant armour {unknown}
 j - a scroll of enchant weapon {unknown}
 m - a scroll of fog {unknown}
Potions
 b - a potion of magic
 d - a potion of lignification {unknown}
 f - 3 potions of flight {unknown}
 g - a potion of resistance {unknown}

Dungeon Overview and Level Annotations

Branches:
Dungeon (2/15)

..... ..▒▒▒ ....
....▒ ...▒▒▒ ▒.▒.▒
▒▒....▒ ▒.▒.▒ ▒▒▒▒▒▒
▒...▒.▒ ▒.▒.▒ ▒.....
▒..▒.▒▒▒.▒.▒▒▒▒▒.▒▒▒▒
▒........▒.......▒
▒..Sp..)....▒▒▒<.▒▒▒▒
▒...........▒ ▒.▒....
▒.▒5▒▒▒▒▒▒..▒▒.▒▒▒.▒▒
...▒S▒ ▒....▒ ▒▒.▒
▒.. ... ..▒.▒.▒▒▒.▒▒
▒.▒▒▒.▒ ▒▒▒▒.▒▒.▒.▒▒
▒. ▒.▒ ▒.▒▒..▒▒ ▒ ▒.▒
▒....▒▒▒ ▒.▒ ▒▒▒....▒


You could see 2 adders and a friendly white imp (summoned).


Message History

Your white imp gestures at the adder.
The puff of frost hits the adder!
The adder dies!
You feel sick.
Unknown command.
An adder comes into view.
You feel sick.
Your white imp misses the adder.
Things that are here:
a jackal corpse; a jackal corpse Unknown command.
You feel sick.
The adder hisses angrily.
The adder bites your white imp but does no damage.
The adder bites your white imp.
Your white imp hits the adder.
Your white imp freezes the adder.
Unknown command.
You feel sick.
Your white imp misses the adder.
You feel sick.
Your white imp hits the adder.
Your white imp freezes the adder.
Unknown command.
You barely miss the adder.
You feel sick.
You are no longer poisoned.
The adder bites your white imp. The adder bites you.
You die...

Action                   || total
-------------------------++-------
Melee: Unarmed           ||    48
       Morningstar       ||    40
       Punch             ||     1
 Cast: Summon Small Mamm ||    24
       Call Imp          ||    14
 Stab: Sleeping          ||     3
Armor: Robe              ||    17
Dodge: Dodged            ||    79

Levels and vault maps discovered:
D:1:      eino_arrival_cavern_d, layout_loops_ring
D:2:      layout_loops_ring, minmay_hexomino_r4

Notes
Turn   | Place    | Note
-------+----------+-------------------------------------------
     0 | D:1      | sanka the Demigod Summoner began the quest for the Orb.
     0 | D:1      | Reached XP level 1. HP: 14/14 MP: 5/5
   137 | D:1      | Reached skill level 2 in Spellcasting
   392 | D:1      | Reached skill level 4 in Summonings
   392 | D:1      | Reached XP level 2. HP: 20/20 MP: 4/7
   420 | D:1      | Learned a level 2 spell: Call Imp
  1476 | D:2      | Reached XP level 3. HP: 21/26 MP: 8/8
  1705 | D:2      | Slain by an adder

Vanquished Creatures
  An adder (D:2)
  A worm (D:2)
  A goblin (D:2)
  4 hobgoblins
  A quokka (D:2)
  A ball python (D:2)
  2 bats (D:1)
  5 frilled lizards (D:2)
  2 rats
18 creatures vanquished.

Vanquished Creatures (collateral kills)
  An adder (D:2)
  An endoplasm (D:1)
  3 giant cockroaches (D:1)
  A goblin (D:1)
  3 hobgoblins (D:1)
  2 jackals (D:2)
  3 quokkas
  A ball python (D:1)
  2 bats (D:1)
  A frilled lizard (D:2)
  3 kobolds
21 creatures vanquished.

Grand Total: 39 creatures vanquished
